 Dungeon Crawl Stone Soup version 0.31-a0-182-gc5ef74bbde (webtiles) character file.

Game seed: 473964274867818710

3172 olmar the Thaumaturge (level 9, -4/62 HPs)
             Began as a Mummy Conjurer on June 21, 2023.
             Was a Follower of Kikubaaqudgha.
             Slain by a death yak (19 damage)
             ... on level 8 of the Dungeon.
             The game lasted 00:18:28 (9588 turns).

olmar the Thaumaturge (Mummy Conjurer)              Turns: 9588, Time: 00:18:28

Health: -4/62      AC:  8    Str: 19    XL:     9   Next: 63%
Magic:  6/22       EV: 16    Int: 28    God:    Kikubaaqudgha [*.....]
Gold:   478        SH:  0    Dex:  5    Spells: 17/26 levels left

rFire   x . .        h - +2 dagger (venom)
rCold   + . .        (no shield)
rNeg    + + +        a - +0 robe
rPois   ∞            (no helmet)
rElec   .            (no cloak)
rCorr   .            l - +0 pair of gloves {hurl}
SInv    +            b - +4 pair of boots of Divine Wonder {rPois Str+9 Dex-5 SInv}
Will    +....        n - amulet of magic regeneration
Stlth   ++           d - +5 ring of evasion
HPRegen 0.30/turn    m - +6 ring of intelligence
MPRegen 0.58/turn

%: faith
@: no status effects
A: cold resistance 1, negative energy resistance 3, torment resistance 2, heat
vulnerability 1, in touch with death 1, no potions, faith
a: Renounce Religion, Unearth Wretches


You were on level 8 of the Dungeon.
You worshipped Kikubaaqudgha.
Kikubaaqudgha was aware of your devotion.
You visited 2 branches of the dungeon, and saw 9 of its levels.
You also visited: Sewer.

You collected 478 gold pieces.

Inventory:

Hand Weapons
 f - a +2 short sword of speed
 h - a +2 dagger of venom (weapon)
Missiles
 i - 44 poisoned darts
Armour
 a - a +0 robe (worn)
 b - the +4 pair of boots of Divine Wonder (worn) {rPois Str+9 Dex-5 SInv}
   (You acquired it on level 6 of the Dungeon)

   Str:       It affects your strength (+9).
   Dex:       It affects your dexterity (-5).
   rPois:     It protects you from poison.
   SInv:      It lets you see invisible.
 l - a +0 pair of gloves of hurling (worn)
Jewellery
 d - a +5 ring of evasion (left hand)
 j - a ring of protection from cold
 m - a +6 ring of intelligence (right hand)
 n - an amulet of magic regeneration (around neck)
 y - a ring of magical power
Wands
 p - a wand of flame (19)
 q - a wand of light (6)
 z - a wand of mindburst (6)
Scrolls
 c - 2 scrolls of amnesia
 e - 3 scrolls of fog
 g - 2 scrolls of enchant armour
 k - 2 scrolls of silence
 o - 2 scrolls of immolation
 r - 3 scrolls of teleportation
 s - 3 scrolls of vulnerability
 t - a scroll of summoning
 u - a scroll of enchant weapon {unknown}
 v - 3 scrolls of brand weapon {unknown}
 w - 2 scrolls of noise
 A - a scroll of fear {unknown}
 B - a scroll of revelation {unknown}


   Skills:
 + Level 2.7 Fighting
 + Level 2.8 Short Blades
 - Level 1.5 Dodging
 + Level 3.2 Stealth
 + Level 9.1 Spellcasting
 + Level 5.3 Conjurations
 * Level 8.4 Necromancy
 - Level 0.3 Air Magic
 - Level 0.2 Poison Magic
 - Level 0.1 Evocations


You had 17 spell levels left.
You knew the following spells:

 Your Spells              Type           Power      Damage    Failure   Level
a - Magic Dart            Conj           100%       1d8       1%          1
b - Searing Ray           Conj           84%        2d7       1%          2
c - Vampiric Draining     Necr           74%        2d11      1%          3
d - Mephitic Cloud        Conj/Pois/Air  23%        N/A       6%          3

Your spell library contained the following spells:

 Spells                   Type           Power      Damage    Failure   Level
 Kiss of Death            Conj/Necr      100%       2d13      1%          1
 Necrotise                Necr           100%       1d9       1%          1
 Shock                    Conj/Air       100%       1d9       1%          1
 Cigotuvi's Dreadful Rot  Necr/Pois/Air  88%        N/A       1%          2
 Slow                     Hex            48%        N/A       4%          1
 Dazzling Flash           Conj/Hex       54%        N/A       4%          3
 Poisonous Vapours        Pois/Air       28%        N/A       6%          2
 Swiftness                Air            14%        N/A       12%         3
 Confusing Touch          Hex            12%        N/A       13%         3
 Portal Projectile        Hex/Tloc       24%        N/A       13%         3
 Tukima's Dance           Hex            12%        N/A       13%         3
 Fulminant Prism          Conj/Hex       13%        3d8       14%         4
 Iskenderun's Mystic Bla  Conj/Tloc      27%        2d7       14%         4
 Airstrike                Air            7%         2d(1-17)  36%         4
 Irradiate                Conj/Tmut      13%        3d16      38%         5
 Petrify                  Tmut/Erth      12%        N/A       41%         4
 Freezing Cloud           Conj/Ice/Air   11%        6-21      50%         5
 Sublimation of Blood     Necr           Unusable   N/A       N/A         2
 Blade Hands              Tmut           Unusable   N/A       N/A         5

Dungeon Overview and Level Annotations

Branches:
Dungeon (8/15)             Temple (1/1) D:5           Sewer (visited)
   Lair: D:8-11

Altars:
Dithmenos
Gozag
Hepliaklqana
Kikubaaqudgha
Makhleb
Nemelex Xobeh
Okawaru
Qazlal
Ru
Sif Muna
Uskayaw
Vehumet
Yredelemnul


Innate Abilities, Weirdness & Mutations

You are immune to poison.
Your flesh is cold resistant. (rC+)
You are immune to negative energy. (rN+++)
You are immune to unholy pain and torment.
You are vulnerable to heat. (rF-)
You are in touch with the powers of death.
You do not drink.
You have a special connection with the divine. (Faith)


Message History

Aiming: Magic Dart (safe; 1% risk of failure)
Press: ? - help, Q - select action, (/) - cycle Shift-Dir - straight line, f/p - death yak
Aim: a death yak (heavily wounded, poisoned, 100% to hit)
The magic dart hits the death yak but does no damage.
The death yak is heavily wounded.
Unknown command.
Casting: Magic Dart (safe; 1% risk of failure)
Confirm with . or Enter, or press ? or * to list all spells.
Aiming: Mephitic Cloud (dangerous; 6% risk of failure)
Press: ? - help, Shift-Dir - straight line, f/p - death yak
Aim: a death yak (heavily wounded, poisoned, chance to affect: 34%)
The ball explodes into a vile cloud!
The stinking cloud engulfs the death yak but does no damage.
The death yak is heavily wounded.
You hear a bellow! x3
The death yak is engulfed in noxious fumes.
Unknown command.
Unknown command.
Casting: Mephitic Cloud (dangerous; 6% risk of failure)
Confirm with . or Enter, or press ? or * to list all spells.
Aiming: Vampiric Draining (safe; 1% risk of failure)
Press: ? - help, Shift-Dir - straight line, f/p - death yak
Aim: a death yak (noxious fumes, heavily wounded, poisoned)
You feel a surge of power!
You draw life force from the death yak!
You feel life coursing into your body.
The death yak is engulfed in noxious fumes.
The death yak gores you!!
* * * LOW HITPOINT WARNING * * *
Unknown command.
Casting: Vampiric Draining (safe; 1% risk of failure)
Confirm with . or Enter, or press ? or * to list all spells.
Aiming: Vampiric Draining (safe; 1% risk of failure)
Press: ? - help, Shift-Dir - straight line, f/p - death yak
Aim: a death yak (noxious fumes, severely wounded, poisoned)
You feel a surge of power!
You draw life force from the death yak.
You feel life coursing into your body.
The death yak is engulfed in noxious fumes.
The death yak gores you!!
You die...
Kikubaaqudgha rasps: "You have failed me!
Welcome... oblivion!"

####......
#?........
#.##......
######.##......
#......(#......
#..............
#.......###....
#####○.............
#.@Y○○......###....
#.###○......# #....
#...........# ##.Y#
#..#######.## ..#.
###..# .... .#.#.
#....# ##.#.. .
#....# #.#.# #
#....# #####.#.#


You could see a death yak (poisoned).

Vanquished Creatures
  Prince Ribbit (D:7)
  2 water moccasins (D:6)
  Duvessa (D:6)
  3 sky beasts
  2 black bears
  An ice beast (D:5)
  5 ogres
  A centaur (D:6)
  8 kobold brigands
  2 bullfrogs
  2 scorpions (D:6)
  Dowan (D:6)
  6 hounds
  2 jellies
  3 orc priests
  An iguana (D:7)
  A sleepcap (D:5)
  Natasha (D:2)
  3 orc wizards
  9 adders
  4 gnolls
  5 river rats (Sewer)
  An ufetubus (D:5)
  3 worms
  6 dart slugs
  7 orcs
  17 ball pythons
  11 endoplasms
  2 giant cockroaches
  6 goblins
  9 hobgoblins
  2 jackals (D:1)
  4 quokkas
  5 bats
  3 frilled lizards (D:1)
  13 kobolds
  8 rats
161 creatures vanquished.

Notes
Turn   | Place    | Note
-------+----------+-------------------------------------------
     0 | D:1      | olmar the Mummy Conjurer began the quest for the Orb.
     0 | D:1      | Reached XP level 1. HP: 13/13 MP: 4/4
   395 | D:1      | Reached XP level 2. HP: 19/19 MP: 1/5
   630 | D:1      | Learned a level 2 spell: Searing Ray
  1505 | D:2      | Reached skill level 3 in Spellcasting
  1567 | D:2      | Gained mutation: You are in touch with the powers of death.
                  | [Mummy growth]
  1567 | D:2      | Reached XP level 3. HP: 25/25 MP: 3/7
  1608 | D:2      | Learned a level 3 spell: Vampiric Draining
  1882 | D:2      | Noticed Natasha
  1893 | D:2      | Killed Natasha
  1894 | D:2      | Reached skill level 1 in Necromancy
  1894 | D:2      | Reached XP level 4. HP: 31/31 MP: 2/8
  2246 | D:2      | Found a faded altar of an unknown god.
  4017 | D:4      | Reached XP level 5. HP: 32/36 MP: 10/10
  4055 | D:4      | Reached skill level 4 in Spellcasting
  4497 | D:4      | Noticed an ogre
  4504 | D:4      | Learned a level 3 spell: Mephitic Cloud
  4704 | D:4      | Killed an ogre
  4705 | D:4      | Reached XP level 6. HP: 42/42 MP: 5/12
  5075 | D:5      | Entered Level 5 of the Dungeon
  5077 | D:5      | Noticed an ice beast
  5083 | D:5      | Killed an ice beast
  5084 | D:5      | Reached skill level 1 in Fighting
  5084 | D:5      | Reached skill level 1 in Short Blades
  5310 | D:5      | Reached skill level 5 in Spellcasting
  5386 | D:5      | Reached XP level 7. HP: 48/48 MP: 9/14
  5553 | D:5      | Found a staircase to the Ecumenical Temple.
  5566 | D:5      | Found a glowing drain.
  5578 | Sewer    | Entered a sewer
  5873 | Sewer    | Reached skill level 6 in Spellcasting
  5873 | Sewer    | Reached skill level 5 in Conjurations
  6024 | Sewer    | Reached XP level 8. HP: 54/54 MP: 13/17
  6034 | Sewer    | Reached skill level 5 in Necromancy
  6364 | Temple   | Entered the Ecumenical Temple
  7132 | Temple   | Became a worshipper of Kikubaaqudgha
  7361 | D:5      | Reached skill level 7 in Spellcasting
  7636 | D:6      | Noticed Dowan
  7652 | D:6      | Killed Dowan
  7662 | D:6      | Noticed Duvessa
  7700 | D:6      | Killed Duvessa
  7702 | D:6      | Reached XP level 9. HP: 57/61 MP: 8/20
  7759 | D:6      | Identified a scroll of acquirement
  7773 | D:6      | Reached skill level 8 in Spellcasting
  7773 | D:6      | Acquired the +4 pair of boots of Divine Wonder {rPois Str+9
                  | Dex-5 SInv}
  8226 | D:6      | Reached * piety under Kikubaaqudgha
  8226 | D:6      | Received a gift from Kikubaaqudgha
  8909 | D:7      | Identified the +2 ring mail of Pooppos {rN+ Will- Regen+
                  | Int+2}
  8931 | D:7      | Noticed Prince Ribbit
  8937 | D:7      | Killed Prince Ribbit
  8938 | D:7      | Reached skill level 9 in Spellcasting
  9018 | D:7      | Found a radiant altar of Vehumet.
  9252 | D:8      | Noticed a death yak
  9252 | D:8      | Noticed a death yak
  9253 | D:8      | Noticed a death yak
  9253 | D:8      | Noticed a death yak
  9253 | D:8      | Noticed a death yak
  9556 | D:8      | Noticed a death yak
  9588 | D:8      | Slain by a death yak

Illustrated notes

Levels and vault maps discovered:
D:1:      dpeg_cavernosity, layout_basic
D:2:      layout_loops_cross, basic_ecumenical_altar, st_stairs_14,
          minivault_27, uniq_natasha
D:3:      layout_basic, zin_scriptorium, kennysheep_generic_room_8
D:4:      cheibrodos_old_hovel, layout_loops_cross
D:5:      minmay_diamond_boxcup, layout_gridville, minmay_temple_entry_hall,
          portal_sewer_entry_d
D:6:      layout_gridville, uniq_duvessa
D:7:      layout_basic, lemuel_doored_altar, uniq_prince_ribbit1
D:8:      layout_loops_ring, lemuel_crystal_altar, mainiacjoe_overflow_alcove_2,
          minitemple, dpeg_lair_monsters, dk_noncrumbling_3, uniq_maurice,
          uniq_psyche, uniq_erica
Temple:   eino_temple_water

Skill      XL: |  1  2  3  4  5  6  7  8  9 |
---------------+----------------------------+-----
Spellcasting   | 3 4 5 6 7 9 |  9.1
Conjurations   | 4 5 |  5.3
Necromancy     | 1 2 3 4 7 8 |  8.4
Stealth        | 2 3 |  3.2
Fighting       | 1 2 |  2.7
Short Blades   | 1 2 |  2.8
Dodging        | |  1.5
Air Magic      | |  0.3
Poison Magic   | |  0.2
Evocations     | |  0.1

Action                     |  1- 3 |  4- 6 |  7- 9 || total
---------------------------+-------+-------+-------++-------
  Melee: Unarmed           |     8 |       |       ||     8
         Short sword       |     4 |    31 |    50 ||    85
         Dagger            |       |       |    94 ||    94
         Punch             |       |       |     2 ||     2
   Cast: Magic Dart        |    58 |    49 |    14 ||   121
         Searing Ray       |     7 |    22 |    30 ||    59
         Mephitic Cloud    |       |     1 |     6 ||     7
         Vampiric Draining |       |     6 |    48 ||    54
  Evoke: Wand              |       |     2 |       ||     2
    Use: Scroll            |       |     5 |     7 ||    12
   Stab: Sleeping          |       |     2 |     1 ||     3
 Armour: Robe              |     3 |     5 |    30 ||    38
  Dodge: Dodged            |    13 |    29 |   144 ||   186

Table legend: (Time is in decaauts)
 A = Elapsed time spent in this place.
 B = Non-inter-level travel time spent in this place.
 C = Inter-level travel time spent in this place.
 D = Time resting spent in this place.
 E = Time spent auto-exploring this place.
 F = Levels seen in this place.
 G = Mean time per level.
                   A        B        C        D        E       F      G
               +--------+--------+--------+--------+--------+-----+--------+
         Total |   9704 |   9509 |    195 |   2930 |   5197 |  10 |  970.4 |
       Dungeon |   8022 |   7846 |    176 |   2247 |   4578 |   8 | 1002.8 |
        Temple |    779 |    760 |     19 |    660 |      1 |   1 |  779.0 |
         Sewer |    902 |    902 |      0 |     22 |    618 |   1 |  902.0 |
               +--------+--------+--------+--------+--------+-----+--------+

Top non-repeatable levels by time:
     D:1: 1467 daAuts
     D:3: 1308 daAuts
     D:4: 1163 daAuts
     D:2: 1121 daAuts
     D:5: 1004 daAuts
   Sewer: 902 daAuts
     D:6: 858 daAuts
     D:7: 831 daAuts
  Temple: 779 daAuts
     D:8: 266 daAuts
